Map: Port Aleksander LE

Players

PtitDrogo

  • Race: Protoss Protoss
  • Spawn Location: 11:00

HellraiseR - Winner!

  • Race: Protoss Protoss
  • Spawn Location: 5:00

Event: 2019 WCS Spring

VOD

Have the link to the VOD?

Description

Time

  • Played on: May 18, 2019, 10:44 a.m.
  • Length: 13:29

All games in this series

Show
View Real Time Build Order
Export as new Build Order

PtitDrogo Protoss 

Build Orders: Phoenix Opening, Archon Immortal 

Get SALT Encoding   

  12  0:00  Probe  
  13  0:12  Probe  
  14  0:19  Pylon  
  14  0:24  Probe  
  15  0:33  Probe  
  15  0:40  Gateway  
  15  0:41  Probe  
  16  0:47  Assimilator  
  17  0:51  Probe  
  17  0:56  Assimilator  
  18  1:00  Probe  
  19  1:08  Probe  
  19  1:13  Gateway  
  19  1:18  Probe  
  21  1:28  Cybernetics Core  
  21  1:30  Probe  
  22  1:36  Pylon  
  22  1:42  Probe  
  23  1:54  Probe  
  23  1:55  Warp Gate  
  24  2:05  Stalker, Sentry  
  24  2:06  Probe  
  29  2:14  Pylon  
  29  2:18  Probe  
  30  2:24  Pylon  
  30  2:32  Stalker  
  30  2:36  Stalker  
  34  2:38  Phoenix  
  34  2:58  Nexus  
  34  3:00  Probe  
  35  3:08  Sentry  
  35  3:09  Sentry  
  39  3:13  Pylon  
  39  3:31  Probe  
  39  3:33  Forge  
  40  3:35  Robotics Facility  
  40  3:43  Probe  
  40  3:47  Adept  
  40  3:48  Adept  
  45  3:53  Probe  
  45  4:01  Probe  
  46  4:06  Probe  
  48  4:10  Probe  
  48  4:11  Protoss Ground Weapons Level 1  
  48  4:14  Probe  
  49  4:22  Probe  
  51  4:24  Probe  
  51  4:25  Observer  
  48  4:34  Stalker, Twilight Council, Probe  
  48  4:36  Probe  
  53  4:38  Pylon  
  53  4:41  Assimilator  
  53  4:44  Assimilator  
  53  4:46  Probe  
  53  4:48  Probe  
  55  4:55  Immortal  
  55  4:58  Probe  
  60  5:00  Probe  
  61  5:08  Zealot x2  
  61  5:10  Probe  
  61  5:12  Probe  
  67  5:17  Charge  
  67  5:25  Gateway  
  67  5:26  Gateway  
  67  5:29  Gateway  
  67  5:33  Templar Archives  
  67  5:37  Pylon  
  67  5:45  Gateway  
  67  5:46  Immortal  
  67  5:53  Pylon  
  71  6:09  Zealot x2  
  75  6:14  Protoss Ground Weapons Level 2  
  75  6:18  Warp Prism  
  75  6:27  Gateway  
  75  6:29  Gateway  
  77  6:40  High Templar  
  77  6:41  High Templar  
  77  6:43  Pylon  
  77  6:44  Archon  
  77  6:45  High Templar, Pylon  
  77  6:46  High Templar  
  85  6:51  Shield Battery, Archon  
  84  7:02  Zealot x2  
  86  7:12  Probe  
  87  7:22  Nexus  
  79  7:24  Observer, Pylon  
  79  7:27  Pylon  
  79  7:30  Photon Cannon x2  
  79  7:33  Zealot x4  
  88  7:43  Zealot x2  
  92  7:45  High Templar x2  
  92  7:49  Archon  
  96  7:54  Stalker x2  
  96  7:55  Stalker  
  102  8:01  Pylon  
  102  8:06  Immortal  
  106  8:14  High Templar  
  106  8:15  High Templar  
  106  8:16  Phoenix  
  106  8:18  Archon  
  106  8:19  Zealot x2  
  114  8:25  Zealot x2  
  120  8:34  Probe x2  
  119  8:42  Immortal  
  119  8:47  Probe  
  120  8:49  Shield Battery  
  124  9:03  Zealot x2, Protoss Shields Level 1  
  124  9:04  Zealot x2  
  130  9:26  Pylon  
  130  9:28  Pylon  
  130  9:30  Observer, Pylon  
  131  9:45  Zealot x7  
  133  9:46  Zealot  
  141  9:56  Probe  
  136  10:02  Probe  
  132  10:12  High Templar x3  
  132  10:13  High Templar  
  132  10:14  Zealot x2, High Templar x2  
  142  10:18  Archon x2  
  142  10:19  Archon  
  148  10:33  Pylon  
  148  10:34  Photon Cannon  
  148  10:35  Pylon  
  148  10:46  High Templar x2  
  148  10:47  Zealot x2  
  154  10:50  Archon  
  125  11:08  Observer  
  125  11:10  Zealot x6  
  86  11:27  Zealot x2  
  82  11:35  Zealot x2  
  82  11:36  Zealot x4  
  82  11:39  Warp Prism  
  72  11:40  Probe  
  72  11:41  Probe  
  72  11:44  Probe  
  73  11:47  High Templar x2  
  73  11:51  Archon  
  73  11:52  Probe  
  73  11:53  Probe  
  79  11:56  Probe  
  79  12:00  Probe  
  79  12:01  Probe  
  82  12:04  Dark Shrine  
  82  12:05  Sentry  
  82  12:08  Assimilator  
  86  12:09  Probe  
  86  12:10  Probe x2  
  89  12:21  Probe  
  91  12:22  Probe  
  91  12:23  Probe  
  91  12:28  Immortal  
  96  12:33  Probe  
  96  12:36  High Templar x2  
  101  12:41  Archon  
  101  12:53  Zealot x4  
  97  13:11  Zealot x3  
  97  13:12  Zealot  
  103  13:15  Zealot x2  
  81  13:23  Zealot x2  
Show
View Real Time Build Order
Export as new Build Order

HellraiseR Protoss - Winner!

Build Orders: Phoenix Opening, Blink Stalkers 

Get SALT Encoding   

  12  0:00  Probe  
  13  0:12  Probe  
  14  0:18  Pylon  
  14  0:21  Probe  
  15  0:32  Probe  
  15  0:39  Gateway  
  15  0:42  Probe  
  16  0:48  Assimilator  
  17  0:53  Probe  
  18  0:57  Assimilator  
  18  1:01  Probe  
  18  1:10  Probe  
  18  1:11  Gateway  
  20  1:22  Probe  
  21  1:29  Cybernetics Core  
  21  1:34  Probe  
  22  1:40  Pylon  
  22  1:46  Probe  
  23  1:56  Warp Gate  
  23  1:58  Probe  
  24  2:05  Stalker  
  24  2:06  Sentry  
  28  2:10  Probe  
  29  2:16  Pylon  
  29  2:22  Probe  
  30  2:34  Stalker, Probe  
  32  2:37  Stalker  
  32  2:43  Phoenix  
  34  3:03  Nexus  
  34  3:06  Probe  
  35  3:18  Twilight Council  
  35  3:19  Probe  
  36  3:31  Probe  
  37  3:34  Pylon  
  37  3:39  Forge  
  37  3:43  Probe  
  38  3:51  Probe  
  38  3:54  Blink  
  38  3:59  Probe  
  39  4:04  Stalker  
  39  4:09  Stalker  
  44  4:12  Probe x2  
  46  4:18  Protoss Ground Weapons Level 1  
  46  4:20  Probe  
  46  4:24  Probe  
  46  4:38  Probe  
  48  4:40  Probe  
  48  4:46  Stalker  
  48  4:48  Stalker  
  48  4:50  Probe  
  48  4:52  Probe  
  54  4:57  Pylon  
  54  5:02  Probe  
  54  5:04  Probe  
  56  5:07  Robotics Facility  
  56  5:11  Stalker  
  58  5:14  Probe  
  58  5:16  Probe  
  58  5:17  Stalker  
  62  5:25  Assimilator  
  62  5:26  Probe  
  62  5:28  Assimilator  
  63  5:29  Probe  
  63  5:32  Pylon  
  64  5:36  Stalker  
  64  5:38  Probe  
  64  5:40  Stalker  
  69  5:44  Photon Cannon  
  69  5:52  Probe x2  
  69  5:56  Observer  
  72  6:03  Robotics Bay  
  73  6:04  Probe x2  
  73  6:08  Gateway  
  73  6:10  Gateway  
  74  6:17  Warp Prism  
  74  6:25  Dark Shrine  
  74  6:26  Protoss Ground Weapons Level 2  
  74  6:33  Gateway  
  74  6:34  Pylon  
  74  6:37  Stalker  
  74  6:39  Stalker  
  78  6:43  Charge  
  78  6:44  Colossus  
  78  7:00  Shield Battery  
  80  7:25  Zealot x3  
  80  7:28  Pylon  
  86  7:30  Pylon, Gateway  
  86  7:31  Gateway  
  86  7:33  Pylon  
  86  7:34  Extended Thermal Lance  
  86  7:40  Colossus  
  92  8:02  Stalker x4  
  100  8:11  Pylon  
  100  8:13  Pylon  
  100  8:30  Zealot x3, Dark Templar x3  
  100  8:31  Zealot  
  108  8:43  Nexus  
  108  8:46  Colossus  
  114  9:01  Probe x2, Pylon  
  116  9:10  Phoenix  
  116  9:17  Zealot x2  
  116  9:18  Zealot  
  116  9:23  Probe  
  116  9:24  Probe  
  122  9:26  Protoss Ground Weapons Level 3  
  122  9:32  Dark Templar x2  
  122  9:37  Archon  
  126  9:40  Zealot x2  
  126  9:42  Probe  
  126  9:45  Probe  
  129  9:55  Probe  
  129  9:58  Colossus  
  122  10:11  Dark Templar x2  
  126  10:16  Archon  
  126  10:20  Zealot x4  
  134  10:25  Gateway  
  134  10:32  Pylon  
  134  10:33  Pylon x2  
  134  10:41  Pylon  
  134  10:43  Dark Templar  
  134  10:44  Dark Templar  
  134  10:47  Zealot x3  
  144  10:54  Zealot  
  94  11:15  Dark Templar x3  
  94  11:16  Zealot x3  
  104  11:19  Probe  
  104  11:20  Probe  
  104  11:23  Probe  
  104  11:25  Dark Templar  
  97  11:27  Probe  
  97  11:28  Probe  
  97  11:32  Probe  
  98  11:35  Probe  
  98  11:36  Probe  
  98  11:38  Warp Prism  
  94  11:41  Probe  
  94  11:47  Probe  
  94  11:48  Probe  
  94  11:51  Dark Templar  
  94  11:52  Zealot  
  94  11:53  Probe  
  103  11:59  Probe  
  103  12:01  Archon x2  
  104  12:03  Archon  
  104  12:04  Zealot x3  
  110  12:10  Stalker  
  110  12:12  Stalker  
  110  12:15  Observer  
  115  12:20  Stalker  
  117  12:38  Zealot, Dark Templar  
  117  12:39  Zealot  
  117  12:40  Stalker x3  
  126  12:58  Stalker  
  126  12:59  Stalker x2  
  132  13:08  Zealot x3  
  126  13:25  Stalker x3  
Tags
 
Add a new tag
Caveats
  • Supply blocks, unpowered buildings, or Contaminate may cause inaccurate times.
  • Supply counts are checked every 10 seconds.